MID
DAYTON DRAGONS @ HAGERSTOWN SUNS
06/09/2044
 
TOP OF THE 1ST
Dayton Dragons batting - Pitching for Hagerstown Suns : RHP Manny Arguelles
Pitching: RHP Manny Arguelles
Batting: LHB Nick Nino 0-0: Ball
1-0: Ball
2-0: Ball
3-0: Base on Balls
Batting: LHB Leo Gomez 0-0: Ball
Nick Nino is caught stealing 2nd base 2-6
1-0: Foul Ball, location: 2F
1-1: SINGLE (Groundball, 34D, EV 95.6 MPH)
Batting: LHB Chris Grunwald 0-0: Ball
1-0: Called Strike
1-1: Ball
2-1: Called Strike
Leo Gomez steals 2nd base (no throw)
2-2: Strikes out swinging
Batting: LHB Matt Kennedy 0-0: Foul Ball, location: 2F
0-1: Foul Ball, location: 2F
0-2: Ball
1-2: Ground out 6-3 (Groundball, 6S, EV 86.9 MPH)
Top of the 1st over - 0 runs, 1 hit, 0 errors, 1 left on base; Dayton 0 - Hagerstown 0
BOTTOM OF THE 1ST
Hagerstown Suns batting - Pitching for Dayton Dragons : RHP Ricky Castillo
Pitching: RHP Ricky Castillo
Batting: LHB Mike Condon 0-0: Ball
1-0: Swinging Strike
1-1: Foul Ball, location: 2F
1-2: Ball
2-2: Strikes out swinging
Batting: RHB Jon Metzler 0-0: Called Strike
0-1: Swinging Strike
0-2: Strikes out swinging
Batting: RHB Kevin Wick 0-0: Ball
1-0: Ball
2-0: Called Strike
2-1: Ground out 5-3 (Groundball, 56, EV 86.3 MPH)
Bottom of the 1st over - 0 runs, 0 hits, 0 errors, 0 left on base; Dayton 0 - Hagerstown 0
TOP OF THE 2ND
Dayton Dragons batting - Pitching for Hagerstown Suns : RHP Manny Arguelles
Batting: RHB John Galluzzo 0-0: Fly out, F8 (Flyball, 8RXD, EV 81.3 MPH)
Batting: RHB Bruno André 0-0: Ball
1-0: Ball
2-0: Ball
3-0: Base on Balls
Batting: LHB Andrew Hamm 0-0: Ball
Bruno André steals 2nd base
1-0: Called Strike
Bruno André steals 3rd base
1-1: Swinging Strike
1-2: Strikes out swinging
Batting: RHB Jonathan Davis 0-0: Called Strike
0-1: Foul Ball, location: 2F
0-2: Strikes out looking
Top of the 2nd over - 0 runs, 0 hits, 0 errors, 1 left on base; Dayton 0 - Hagerstown 0
BOTTOM OF THE 2ND
Hagerstown Suns batting - Pitching for Dayton Dragons : RHP Ricky Castillo
Batting: RHB Jim Towle 0-0: Foul Ball, location: 2F
0-1: Reached on error, E5 (Groundball, 56, EV 88.8 MPH)
Batting: RHB Justin Slifka 0-0: Called Strike
0-1: Foul Ball, location: 2F
0-2: Foul Ball, location: 2F
0-2: Strikes out swinging
Batting: LHB Rich Hannus 0-0: Ball
1-0: Ball
2-0: Swinging Strike
2-1: Ball
3-1: Foul Ball, location: 2F
3-2: Foul Ball, location: 2F
3-2: Strikes out swinging
Batting: RHB Tony Madrigal 0-0: Ball
1-0: Ball
2-0: SINGLE (Line Drive, 9S, EV 100.6 MPH)
Jim Towle to third
Batting: SHB Kyle Larson 0-0: Called Strike
0-1: Ball
1-1: Ball
2-1: Ball
3-1: Base on Balls
Tony Madrigal to second
Batting: RHB Bobby Dieter 0-0: Called Strike
0-1: Ball
1-1: Fly out, F8 (Line Drive, 8RM, EV 98.1 MPH)
Bottom of the 2nd over - 0 runs, 1 hit, 1 error, 3 left on base; Dayton 0 - Hagerstown 0
TOP OF THE 3RD
Dayton Dragons batting - Pitching for Hagerstown Suns : RHP Manny Arguelles
Batting: RHB Pat Grover 0-0: Ball
1-0: Fly out, F6 (Line Drive, 6, EV 70.0 MPH)
Batting: LHB Nick Nino 0-0: Called Strike
0-1: Ground out U3 (Groundball, 3L, EV 110.6 MPH)
Batting: LHB Leo Gomez 0-0: Ball
1-0: Ball
2-0: Called Strike
2-1: Fly out, F8 (Flyball, 89M, EV 88.1 MPH)
Top of the 3rd over - 0 runs, 0 hits, 0 errors, 0 left on base; Dayton 0 - Hagerstown 0
BOTTOM OF THE 3RD
Hagerstown Suns batting - Pitching for Dayton Dragons : RHP Ricky Castillo
Batting: LHB Mike Condon 0-0: Called Strike
0-1: Fly out, F5 (Popup, 56, EV 63.8 MPH)
Batting: RHB Jon Metzler 0-0: Called Strike
0-1: Foul Ball, location: 2F
0-2: Foul Ball, location: 2F
0-2: Ball
1-2: Strikes out swinging
Batting: RHB Kevin Wick 0-0: Foul Ball, location: 2F
0-1: Fly out, F8 (Flyball, 8RXD, EV 100.6 MPH)
Bottom of the 3rd over - 0 runs, 0 hits, 0 errors, 0 left on base; Dayton 0 - Hagerstown 0
TOP OF THE 4TH
Dayton Dragons batting - Pitching for Hagerstown Suns : RHP Manny Arguelles
Batting: LHB Chris Grunwald 0-0: Ball
1-0: Foul Ball, location: 2F
1-1: Swinging Strike
1-2: Foul Ball, location: 2F
1-2: Foul Ball, location: 2F
1-2: Ball
2-2: Reached on error, E4 (Groundball, 4D, EV 106.3 MPH)
Batting: LHB Matt Kennedy 0-0: Ball
1-0: Called Strike
Chris Grunwald steals 2nd base
1-1: SINGLE (Line Drive, 89S, EV 92.5 MPH)
Chris Grunwald to third
Batting: RHB John Galluzzo 0-0: Foul Ball, location: 2F
0-1: Ball
1-1: Foul Ball, location: 2F
1-2: Ball
2-2: Foul Ball, location: 2F
2-2: SINGLE (Flyball, 78S, EV 93.1 MPH)
Chris Grunwald scores
Matt Kennedy to second
Batting: RHB Bruno André 0-0: Foul Ball, location: 2F
0-1: Foul Ball, location: 2F
0-2: Ball
1-2: SINGLE (Groundball, P, EV 85.6 MPH) (infield hit)
Matt Kennedy to third
John Galluzzo to second
Batting: LHB Andrew Hamm 0-0: Ball
1-0: Called Strike
1-1: Called Strike
1-2: Foul Ball, location: 2F
1-2: Grounds into double play, 4-6-3 (Groundball, 34, EV 101.3 MPH)
Matt Kennedy scores
John Galluzzo to third
Batting: RHB Jonathan Davis 0-0: Ball
1-0: Foul Ball, location: 2F
1-1: SINGLE (Line Drive, 7S, EV 96.9 MPH)
John Galluzzo scores
Batting: RHB Pat Grover 0-0: Swinging Strike
0-1: Foul Ball, location: 2F
0-2: Ball
1-2: Fly out, F9 (Flyball, 9D, EV 97.5 MPH)
Top of the 4th over - 3 runs, 4 hits, 1 error, 1 left on base; Dayton 3 - Hagerstown 0
BOTTOM OF THE 4TH
Hagerstown Suns batting - Pitching for Dayton Dragons : RHP Ricky Castillo
Batting: RHB Jim Towle 0-0: Ball
1-0: Ball
2-0: Swinging Strike
2-1: Called Strike
2-2: Strikes out looking
Batting: RHB Justin Slifka 0-0: Called Strike
0-1: Ball
1-1: Foul Ball, location: 2F
1-2: Ground out 6-3 (Groundball, 56D, EV 85.6 MPH)
Batting: LHB Rich Hannus 0-0: Ground out 4-3 (Groundball, 4, EV 75.6 MPH)
Bottom of the 4th over - 0 runs, 0 hits, 0 errors, 0 left on base; Dayton 3 - Hagerstown 0
TOP OF THE 5TH
Dayton Dragons batting - Pitching for Hagerstown Suns : RHP Manny Arguelles
Batting: LHB Nick Nino 0-0: Ball
1-0: Ball
2-0: Called Strike
2-1: Ball
3-1: Base on Balls
Batting: LHB Leo Gomez 0-0: Called Strike
Nick Nino steals 2nd, throwing error, E2
Nick Nino to third
0-1: Foul Ball, location: 2F
0-2: Foul Ball, location: 2F
0-2: Ground out 5-3 (Groundball, 56, EV 96.9 MPH)
Nick Nino scores
Batting: LHB Chris Grunwald 0-0: Called Strike
0-1: Ball
1-1: Foul Ball, location: 2F
1-2: Foul Ball, location: 2F
1-2: Strikes out swinging
Batting: LHB Matt Kennedy 0-0: Ground out 6-3 (Groundball, 6, EV 103.8 MPH)
Top of the 5th over - 1 run, 0 hits, 1 error, 0 left on base; Dayton 4 - Hagerstown 0
BOTTOM OF THE 5TH
Hagerstown Suns batting - Pitching for Dayton Dragons : RHP Ricky Castillo
Batting: RHB Tony Madrigal 0-0: Ball
1-0: Ball
2-0: Ball
3-0: Base on Balls
Batting: SHB Kyle Larson 0-0: Ball
1-0: Ball
2-0: Ball
3-0: Called Strike
3-1: Base on Balls
Tony Madrigal to second
Batting: RHB Bobby Dieter 0-0: Called Strike
0-1: Swinging Strike
0-2: Fly out, F1 (Line Drive, P, EV 76.9 MPH)
Batting: LHB Mike Condon 0-0: Ball
1-0: Foul Ball, location: 2F
1-1: Swinging Strike
1-2: Ball
2-2: Ball
3-2: Foul Ball, location: 2F
3-2: Strikes out looking
Batting: RHB Jon Metzler 0-0: Called Strike
0-1: Swinging Strike
0-2: Ball
1-2: Ground out U3 (Groundball, 34, EV 85.0 MPH)
Bottom of the 5th over - 0 runs, 0 hits, 0 errors, 2 left on base; Dayton 4 - Hagerstown 0
TOP OF THE 6TH
Dayton Dragons batting - Pitching for Hagerstown Suns : RHP Manny Arguelles
Batting: RHB John Galluzzo 0-0: Swinging Strike
0-1: Ball
1-1: Fly out, F9 (Flyball, 9D, EV 93.8 MPH)
Pitching: RHP Luis Cruz
Batting: RHB Bruno André 0-0: Ball
1-0: Swinging Strike
1-1: Ball
2-1: Foul Ball, location: 2F
2-2: Fly out, F8 (Flyball, 89M, EV 95.6 MPH)
Batting: LHB Andrew Hamm 0-0: Called Strike
0-1: Ball
1-1: DOUBLE (Groundball, 5L, EV 101.9 MPH)
Batting: RHB Jonathan Davis 0-0: Called Strike
0-1: Ball
1-1: Foul Ball, location: 2F
1-2: Ball
Wild Pitch!
Andrew Hamm to third
2-2: Foul Ball, location: 2F
2-2: Ball
3-2: Fly out, F6 (Line Drive, 6, EV 69.4 MPH)
Top of the 6th over - 0 runs, 1 hit, 0 errors, 1 left on base; Dayton 4 - Hagerstown 0
BOTTOM OF THE 6TH
Hagerstown Suns batting - Pitching for Dayton Dragons : RHP Ricky Castillo
Batting: RHB Kevin Wick 0-0: Ball
1-0: Ball
2-0: Ball
3-0: Base on Balls
Batting: RHB Jim Towle 0-0: Ball
1-0: Ball
2-0: Foul Ball, location: 2F
2-1: Swinging Strike
2-2: Ball
3-2: Strikes out looking
Batting: RHB Justin Slifka 0-0: Ball
Kevin Wick steals 2nd base
1-0: Fly out, F9 (Line Drive, 9, EV 105.6 MPH)
Batting: LHB Rich Hannus 0-0: Called Strike
0-1: Ball
1-1: Called Strike
1-2: Ball
2-2: Foul Ball, location: 2F
2-2: Strikes out swinging
Bottom of the 6th over - 0 runs, 0 hits, 0 errors, 1 left on base; Dayton 4 - Hagerstown 0
TOP OF THE 7TH
Dayton Dragons batting - Pitching for Hagerstown Suns : RHP Luis Cruz
Batting: RHB Pat Grover 0-0: Foul Ball, location: 2F
0-1: Foul Ball, location: 2F
0-2: Foul Ball, location: 2F
0-2: Ball
1-2: Foul Ball, location: 2F
1-2: Strikes out swinging
Batting: LHB Nick Nino 0-0: Ball
1-0: Ball
2-0: SINGLE (Groundball, P, EV 83.1 MPH) (infield hit)
Batting: LHB Leo Gomez 0-0: Called Strike
Nick Nino steals 2nd base
0-1: Ball
1-1: Foul Ball, location: 2F
1-2: Fly out, F9 (Line Drive, 9, EV 105.6 MPH)
Batting: LHB Chris Grunwald 0-0: Foul Ball, location: 2F
0-1: Ball
Nick Nino steals 3rd base
1-1: Ball
2-1: TRIPLE (Flyball, 89XD, EV 111.9 MPH)
Nick Nino scores
Batting: LHB Matt Kennedy 0-0: Ball
1-0: Foul Ball, location: 2F
1-1: Ball
2-1: Swinging Strike
2-2: Ball
3-2: Ground out 4-3 (Groundball, 4, EV 86.9 MPH)
Top of the 7th over - 1 run, 2 hits, 0 errors, 1 left on base; Dayton 5 - Hagerstown 0
BOTTOM OF THE 7TH
Hagerstown Suns batting - Pitching for Dayton Dragons : RHP Ricky Castillo
Batting: RHB Tony Madrigal 0-0: Ball
1-0: Ball
2-0: Ball
3-0: Base on Balls
Batting: SHB Kyle Larson 0-0: Ball
1-0: Called Strike
1-1: Ball
2-1: Foul Ball, location: 2F
2-2: Foul Ball, location: 2F
2-2: Foul Ball, location: 2F
2-2: SINGLE (Groundball, 6MD, EV 94.4 MPH)
Tony Madrigal to second
Runner from 2nd tries for 3rd, SAFE, throw by CF made to third
Pitching: LHP Tim Ketcham
Batting: RHB Bobby Dieter 0-0: Ball
1-0: Grounds into double play, 4-6-3 (Groundball, 4, EV 82.5 MPH)
Tony Madrigal scores
Batting: LHB Mike Condon 0-0: Ball
1-0: Ball
2-0: Ball
3-0: Base on Balls
Batting: RHB Jon Metzler 0-0: Called Strike
Mike Condon steals 2nd base
0-1: Ground out 4-3 (Groundball, 4S, EV 83.8 MPH)
Bottom of the 7th over - 1 run, 1 hit, 0 errors, 1 left on base; Dayton 5 - Hagerstown 1
TOP OF THE 8TH
Dayton Dragons batting - Pitching for Hagerstown Suns : RHP Luis Cruz
Pitching: RHP Manuel Santos
Batting: RHB John Galluzzo 0-0: Called Strike
0-1: Called Strike
0-2: Ball
1-2: Strikes out swinging
Batting: RHB Bruno André 0-0: Swinging Strike
0-1: Called Strike
0-2: Ball
1-2: Ball
2-2: Strikes out swinging
Batting: LHB Andrew Hamm 0-0: SINGLE (Groundball, 5D, EV 98.8 MPH)
Batting: RHB Jonathan Davis 0-0: Ball
1-0: Called Strike
1-1: Ball
Wild Pitch!
Andrew Hamm to second
2-1: Ball
3-1: Ground out 5-3 (Groundball, 5S, EV 87.5 MPH)
Top of the 8th over - 0 runs, 1 hit, 0 errors, 1 left on base; Dayton 5 - Hagerstown 1
BOTTOM OF THE 8TH
Hagerstown Suns batting - Pitching for Dayton Dragons : LHP Tim Ketcham
Batting: RHB Kevin Wick 0-0: Ball
1-0: Called Strike
1-1: Ball
2-1: Foul Ball, location: 2F
2-2: SINGLE (Groundball, 25, EV 65.0 MPH) (infield hit)
Batting: RHB Jim Towle 0-0: Ball
1-0: Called Strike
1-1: Ball
2-1: Swinging Strike
2-2: Ball
3-2: Foul Ball, location: 2F
3-2: Fielders Choice at 2nd, 3-6 (Groundball, 34S, EV 91.3 MPH)
Batting: RHB Justin Slifka 0-0: Ball
1-0: Foul Ball, location: 2F
1-1: Foul Ball, location: 2F
1-2: Ball
2-2: Fly out, F9 (Flyball, 9S, EV 92.5 MPH)
Batting: LHB Rich Hannus 0-0: Ball
1-0: Foul Ball, location: 2F
1-1: Fly out, F9 (Flyball, 9D, EV 98.1 MPH)
Bottom of the 8th over - 0 runs, 1 hit, 0 errors, 1 left on base; Dayton 5 - Hagerstown 1
TOP OF THE 9TH
Dayton Dragons batting - Pitching for Hagerstown Suns : RHP Manuel Santos
Pitching: RHP Fernando Fierros
Batting: RHB Pat Grover 0-0: Fly out, F6 (Popup, 6, EV 65.6 MPH)
Batting: LHB Nick Nino 0-0: Foul Ball, location: 2F
0-1: SINGLE (Groundball, 4MD, EV 90.6 MPH) (infield hit)
Batting: LHB Leo Gomez 0-0: Ball
Nick Nino steals 2nd base
1-0: Ball
Nick Nino steals 3rd base (no throw)
2-0: Ball
3-0: Called Strike
3-1: Base on Balls
Batting: LHB Chris Grunwald 0-0: Ball
Leo Gomez steals 2nd base (no throw)
1-0: Ball
2-0: Ball
3-0: Called Strike
3-1: Base on Balls
Batting: LHB Matt Kennedy 0-0: Swinging Strike
0-1: Swinging Strike
0-2: Strikes out looking
Batting: RHB John Galluzzo 0-0: Fly out, F3 (Popup, 23F, EV 88.8 MPH)
Top of the 9th over - 0 runs, 1 hit, 0 errors, 3 left on base; Dayton 5 - Hagerstown 1
BOTTOM OF THE 9TH
Hagerstown Suns batting - Pitching for Dayton Dragons : LHP Tim Ketcham
Pitching: RHP Joe Green
Batting: RHB Tony Madrigal 0-0: Ball
1-0: Ball
2-0: Ball
3-0: Called Strike
3-1: Ground out U3 (Groundball, 23, EV 76.9 MPH)
Batting: SHB Kyle Larson 0-0: Called Strike
0-1: Ball
1-1: Called Strike
1-2: Ball
2-2: Strikes out looking
Batting: RHB Bobby Dieter 0-0: Ball
1-0: Ground out 3-1 (Groundball, 34, EV 101.9 MPH)
Bottom of the 9th over - 0 runs, 0 hits, 0 errors, 0 left on base; Dayton 5 - Hagerstown 1
Thursday, March 31st , 2022 - OOTP Baseball 22.12 Build 89